 Dungeon Crawl Stone Soup version 0.29-a0-307-gecccbbdb84 (webtiles) character file.

Game seed: 10512850318421995154

40 Dabor the Quickloader (level 3, -4/31 HPs)
             Began as a Gnoll Hunter on Mar 27, 2022.
             Was an Initiate of Gozag.
             Killed from afar by Natasha (9 damage)
             ... with a magic dart
             ... on level 2 of the Dungeon.
             The game lasted 00:02:23 (1059 turns).

Dabor the Quickloader (Gnoll Hunter)                Turns: 1059, Time: 00:02:23

Health: -4/31      AC:  3    Str: 10    XL:     3   Next: 50%
Magic:  4/4        EV: 13    Int:  8    God:    Gozag
Gold:   48         SH:  0    Dex: 17    Spells: 3/3 levels left

rFire   . . .      SeeInvis .   a - +1 hand crossbow
rCold   . . .      Faith    .   (no shield)
rNeg    . . .      Spirit   .   b - +0 leather armour
rPois   .          Reflect  .   (no helmet)
rElec   .          Harm     .   (no cloak)
rCorr   .          Rampage  .   (no gloves)
Will    .....                   (no boots)
Stlth   ++........              (no amulet)
HPRegen 0.10/turn               (no ring)
MPRegen 0.09/turn               (no ring)

@: slowed, invisible, very slow
A: fangs 1, strong nose, distributed training
a: Renounce Religion, Potion Petition, Call Merchant, Bribe Branch


You were on level 2 of the Dungeon.
You worshipped Gozag.
Gozag was noncommittal.
You visited 1 branch of the dungeon, and saw 2 of its levels.

You collected 48 gold pieces.

Inventory:

Hand Weapons
 a - a +1 hand crossbow (weapon)
Armour
 b - a +0 leather armour (worn)
Scrolls
 c - 2 scrolls of immolation
 d - 2 scrolls of identify {unknown}
 e - a scroll of magic mapping {unknown}
 f - a scroll of vulnerability {unknown}
 g - a scroll of enchant weapon {unknown}
Potions
 h - a potion of invisibility
 i - a potion of curing {unknown}


   Skills:
 + Level 4.5 Fighting
 + Level 0.8 Short Blades
 + Level 0.8 Long Blades
 + Level 0.8 Axes
 + Level 0.8 Maces & Flails
 + Level 0.8 Polearms
 + Level 0.8 Staves
 + Level 0.8 Slings
 + Level 0.8 Bows
 + Level 8.5 Crossbows
 + Level 0.8 Throwing
 + Level 0.8 Armour
 + Level 4.5 Dodging
 + Level 2.4 Stealth
 + Level 0.8 Shields
 + Level 0.8 Unarmed Combat
 + Level 0.8 Spellcasting
 + Level 0.5 Conjurations
 + Level 0.5 Hexes
 + Level 0.5 Summonings
 + Level 0.5 Necromancy
 + Level 0.5 Translocations
 + Level 0.5 Transmutations
 + Level 0.5 Fire Magic
 + Level 0.5 Ice Magic
 + Level 0.5 Air Magic
 + Level 0.5 Earth Magic
 + Level 0.5 Poison Magic
 + Level 1.0 Invocations
 + Level 0.8 Evocations


You had 3 spell levels left.
You didn't know any spells.
Your spell library contained the following spells:

 Spells                   Type           Power      Damage    Failure   Level
 Foxfire                  Conj/Fire      4%         2x1d4     41%         1
 Conjure Flame            Conj/Fire      1%         6-21      78%         3
 Inner Flame              Hex/Fire       1%         N/A       78%         3
 Flame Wave               Conj/Fire      1%         2d4       99%         4


Dungeon Overview and Level Annotations

Branches:
Dungeon (2/15)

Altars:
Gozag
Beogh

Annotations:
D:2 Natasha, Terence


Innate Abilities, Weirdness & Mutations

You have very sharp teeth.
Your uncanny sense of smell can sniff out nearby items.
Your experience applies equally to all skills.


Message History

The hobgoblin is heavily wounded.
Natasha, Servant of Life and Death comes into view.
The hobgoblin closely misses you.
You shoot a bolt. The bolt closely misses the hobgoblin.
Natasha hisses angrily.
Natasha casts a spell at you.
You feel yourself slow down.
The hobgoblin hits you but does no damage.
You shoot a bolt.
The bolt completely misses the hobgoblin.
The hobgoblin misses you. The hobgoblin attacks as you move away!
The hobgoblin hits you.
Natasha stares at you and mumbles some strange words.
The magic dart hits you! The hobgoblin hits you.
You see here 16 stones.
Natasha wildly gestures.
Natasha shimmers violently.
It was a potion of invisibility.
You fade into invisibility!
The hobgoblin barely misses you.
Natasha growls.
The hobgoblin closely misses you. Terence barely misses you.
The hobgoblin barely misses you. Natasha closely misses you.
Natasha wildly gestures.
Natasha glows brightly for a moment.
The hobgoblin closely misses you. Natasha misses you.
Natasha closely misses you. Natasha claws you.
Natasha claws you but does no damage. Natasha attacks as you move away!
Natasha misses you. Natasha claws you.
Natasha wildly gestures.
Natasha's front paws start to glow.
Natasha attacks as you move away! Natasha claws you!
* * * LOW HITPOINT WARNING * * *
Natasha mumbles some strange words.
You feel troubled.
Natasha stares at you and mumbles some strange words.
The magic dart hits you!
You die...
Your body crumbles into a pile of gold.

.... ###.#######. .....
#...........
.....#####.##.##
.............^.#
.............#.##
#..!$(.@.)#..######.
#...................
.............##h.######
....?..........@....# $
.....########.......#
..... #.......# ....
#####..####+#### ....
### ##.##....... ....
#..#....... ....#####
##.#.......
........####.).......
#.........#........


You could see Natasha.

Vanquished Creatures
  A dart slug (D:1)
  A bat (D:1)
  3 endoplasms
  5 giant cockroaches
  3 hobgoblins (D:1)
  4 kobolds
  2 quokkas (D:1)
  2 ball pythons (D:1)
  2 frilled lizards
  5 goblins
  7 rats
35 creatures vanquished.

Vanquished Creatures (others)
  3 plants (D:2)
3 creatures vanquished.

Grand Total: 38 creatures vanquished

Notes
Turn   | Place    | Note
-------+----------+-------------------------------------------
     0 | D:1      | Dabor the Gnoll Hunter began the quest for the Orb.
     0 | D:1      | Reached XP level 1. HP: 20/20 MP: 1/1
   165 | D:1      | Reached XP level 2. HP: 26/26 MP: 2/2
   322 | D:1      | Reached XP level 3. HP: 31/31 MP: 3/3
   815 | D:1      | Found a faded altar of an unknown god.
   907 | D:1      | Prayed at the altar of an unknown god.
   907 | D:1      | Became a worshipper of Gozag Ym Sagoz the Greedy
  1002 | D:2      | Reached skill level 1 in Invocations
  1039 | D:2      | Noticed Terence
  1044 | D:2      | Noticed Natasha
  1059 | D:2      | Killed from afar by Natasha

Illustrated notes

Levels and vault maps discovered:
D:1:      roderic_dead_forest, layout_loops_ring, serial_forest,
          infiniplex_forest_zigzag_1, infiniplex_forest_clump_small,
          infiniplex_forest_straight_3, infiniplex_forest_straight_1,
          infiniplex_forest_end_3, hellmonk_ecumenical_altar_defaced_shrine
D:2:      layout_basic, minmay_shallow_snake_nest, uniq_natasha, uniq_terence

Skill      XL: |  1  2  3 |
---------------+----------+-----
Invocations    | 1 |  1.0
Fighting       | |  4.5
Short Blades   | |  0.8
Long Blades    | |  0.8
Axes           | |  0.8
Maces & Flails | |  0.8
Polearms       | |  0.8
Staves         | |  0.8
Slings         | |  0.8
Bows           | |  0.8
Crossbows      | |  8.5
Throwing       | |  0.8
Armour         | |  0.8
Dodging        | |  4.5
Stealth        | |  2.4
Shields        | |  0.8
Unarmed Combat | |  0.8
Spellcasting   | |  0.8
Conjurations   | |  0.5
Hexes          | |  0.5
Summonings     | |  0.5
Necromancy     | |  0.5
Translocations | |  0.5
Transmutations | |  0.5
Fire Magic     | |  0.5
Ice Magic      | |  0.5
Air Magic      | |  0.5
Earth Magic    | |  0.5
Poison Magic   | |  0.5
Evocations     | |  0.8

Action                   || total
-------------------------++-------
 Fire: Hand crossbow     ||    77
  Use: Potion            ||     1
Armor: Leather armour    ||     3
Dodge: Dodged            ||    21

Table legend: (Time is in decaauts)
 A = Elapsed time spent in this place.
 B = Non-inter-level travel time spent in this place.
 C = Inter-level travel time spent in this place.
 D = Time resting spent in this place.
 E = Time spent auto-exploring this place.
 F = Levels seen in this place.
 G = Mean time per level.
                   A        B        C        D        E       F      G
               +--------+--------+--------+--------+--------+-----+--------+
         Total |   1076 |   1022 |     54 |      0 |    850 |   2 |  538.0 |
       Dungeon |   1076 |   1022 |     54 |      0 |    850 |   2 |  538.0 |
               +--------+--------+--------+--------+--------+-----+--------+

Top non-repeatable levels by time:
     D:1: 938 daAuts
     D:2: 137 daAuts
